 Dungeon Crawl Stone Soup version 0.31-a0-1074-g0b22e4e0f1 (webtiles) character file.

Game seed: 8722317862857025233

1 sokol815 the Ducker (level 1, 0/14 HPs)
             Began as an Octopode Gladiator on Dec 4, 2023.
             Slain by a goblin
             ... wielding a +0 dagger
              (3 damage)
             ... on level 1 of the Dungeon.
             The game lasted 00:00:12 (71 turns).

sokol815 the Ducker (Octopode Gladiator)              Turns: 71, Time: 00:00:13

Health: 0/14       AC:  1    Str: 13    XL:     1   Next: 20%
Magic:  1/1        EV: 13    Int: 10    God:
Gold:   0          SH:  0    Dex: 13    Spells: 0/0 levels left

rFire   . . .        a - +0 trident
rCold   . . .        (no shield)
rNeg    . . .        b - +0 hat
rPois   .            (no amulet)
rElec   .            (no ring)
rCorr   .            (no ring)
SInv    .            (no ring)
Will    .....        (no ring)
Stlth   ++           (no ring)
HPRegen 0.22/turn    (no ring)
MPRegen 0.07/turn    (no ring)
                     (no ring)

%: no passive effects
@: no status effects
A: almost no armour, amphibious, 8 rings, camouflage 1, gelatinous body 1,
(nimble swimmer 1), tentacles
a: no special abilities


You were on level 1 of the Dungeon.
You visited 1 branch of the dungeon, and saw 1 of its levels.

Inventory:

Hand Weapons
 a - a +0 trident (weapon)
Missiles
 c - 3 throwing nets {!d}
 d - a javelin
Armour
 b - a +0 hat (worn)


   Skills:
 + Level 2.0 Fighting
 * Level 3.0 Polearms
 - Level 2.0 Throwing
 - Level 3.0 Dodging


You couldn't memorise any spells.
You didn't know any spells.
Your spell library was empty.

Dungeon Overview and Level Annotations

Branches:
Dungeon (1/15) Zot: 5926

Altars:


Innate Abilities, Weirdness & Mutations

You cannot wear most types of armour.
You are amphibious.
You can wear up to eight rings at the same time.
Your skin changes colour to match your surroundings (Stealth+).
Your rubbery body absorbs attacks. (AC +1, EV +1)
((You are camouflaged when in or above water. (Stealth+)))
You have tentacles for arms and can constrict up to eight enemies at once.


Message History

Bad channel name 'Jiyva says' for runrest: 'Jiyva says: Divide and consume' Welcome, sokol815 the Octopode Gladiator.
Below lies the Orb of Zot, rumoured to be powerful enough to resurrect a god...
Found a staircase leading out of the dungeon.
Setting a skill training target for Polearms at 14.0.
You open the door.
There is an open door here.
You open the door.
There is an open door here.
You open the door.
There is an open door here.
You open the door.
There is an open door here.
You open the door.
There is an open door here.
You open the door.
There is an open door here.
You open the door.
There is an open door here.
You open the door.
There is an open door here.
You open the door.
A goblin and a hobgoblin come into view.
Clearing quiver.
There is an open door here.
A goblin comes into view. It is wielding a +0 dagger.
You reach to attack!
The helpless hobgoblin fails to defend itself.
You hit the hobgoblin but do no damage. You barely miss the hobgoblin.
Your grab misses the hobgoblin. The hobgoblin hits you.
The goblin barely misses you.
You take 2 damage, and have 12/14 hp.
You barely miss the hobgoblin. You grab the hobgoblin.
You constrict the hobgoblin.
The goblin shouts!
The hobgoblin closely misses you. The goblin barely misses you.
You barely miss the hobgoblin.
You constrict the hobgoblin, but do no damage.
The hobgoblin hits you. The goblin hits you with a +0 dagger.
You take 5 damage, and have 7/14 hp.
MASSIVE DAMAGE!!
You hit the hobgoblin.
You constrict the hobgoblin, but do no damage.
The hobgoblin barely misses you. The goblin misses you.
You hit the hobgoblin. You constrict the hobgoblin.
You kill the hobgoblin!
The goblin misses you. The goblin closely misses you. x2
The goblin barely misses you.
You barely miss the goblin. Your grab misses the goblin.
You squeeze the goblin. The goblin hits you with a +0 club.
The goblin closely misses you.
You take 3 damage, and have 5/14 hp.
MASSIVE DAMAGE!!
You barely miss the goblin. Your grab misses the goblin.
Your squeeze misses the goblin. The goblin hits you with a +0 club.
* * * LOW HITPOINT WARNING * * *
The goblin barely misses you.
You take 3 damage, and have 2/14 hp.
MASSIVE DAMAGE!!
You barely miss the goblin. Your grab misses the goblin.
The goblin completely misses you. The goblin hits you with a +0 dagger.
You die...

# #...#...###.... #.
#...#.....'.... .##
#...#.#...#.... ..
#...#.....#.... #.
#...###########
#.###.........#....
####...'.........#....
#...g..#.........'....
#....@################
#....g.......
###...####### #...#
#####


You could see 2 goblins.

Vanquished Creatures
  A hobgoblin (D:1)
1 creature vanquished.

Notes
Turn   | Place    | Note
-------+----------+-------------------------------------------
     0 | D:1      | sokol815 the Octopode Gladiator began the quest for the
                  | Orb.
     0 | D:1      | Reached XP level 1. HP: 14/14 MP: 1/1
    70 | D:1      | HP: 2/14 [goblin/+0 club (3)]
    71 | D:1      | Slain by a goblin

Illustrated notes

Levels and vault maps discovered:
D:1:      minmay_arrival_widening_spiral_wide, layout_basic, serial_shops,
          nicolae_shop_behind_doors, hellmonk_ecumenical_altar_defaced_shrine

Action                     || total
---------------------------++-------
  Melee: Trident           ||     9
         Constrict         ||     1
         Tentacles         ||     1
   Stab: Sleeping          ||     1
 Armour: Skin              ||     6
  Dodge: Dodged            ||    12

Table legend: (Time is in decaauts)
 A = Elapsed time spent in this place.
 B = Non-inter-level travel time spent in this place.
 C = Inter-level travel time spent in this place.
 D = Time resting spent in this place.
 E = Time spent auto-exploring this place.
 F = Levels seen in this place.
 G = Mean time per level.
                   A        B        C        D        E       F      G
               +--------+--------+--------+--------+--------+-----+--------+
         Total |     72 |     72 |      0 |      0 |     59 |   1 |   72.0 |
       Dungeon |     72 |     72 |      0 |      0 |     59 |   1 |   72.0 |
               +--------+--------+--------+--------+--------+-----+--------+

Top non-repeatable levels by time:
     D:1: 72 daAuts

Levels and vault maps discovered:
D:1:      minmay_arrival_widening_spiral_wide, layout_basic, serial_shops,
          nicolae_shop_behind_doors, hellmonk_ecumenical_altar_defaced_shrine

Table legend: (Time is in decaauts)
 A = Elapsed time spent in this place.
 B = Non-inter-level travel time spent in this place.
 C = Inter-level travel time spent in this place.
 D = Time resting spent in this place.
 E = Time spent auto-exploring this place.
 F = Levels seen in this place.
 G = Mean time per level.
                   A        B        C        D        E       F      G
               +--------+--------+--------+--------+--------+-----+--------+
         Total |     72 |     72 |      0 |      0 |     59 |   1 |   72.0 |
       Dungeon |     72 |     72 |      0 |      0 |     59 |   1 |   72.0 |
               +--------+--------+--------+--------+--------+-----+--------+

Top non-repeatable levels by time:
     D:1: 72 daAuts

Table legend:
 A = Kills in this place as a percentage of kills in the entire game.
 B = Kills by you in this place as a percentage of kills by you in the entire game.
 C = Kills by friends in this place as a percentage of kills by friends in the entire game.
 D = Other kills in this place as a percentage of other kills in the entire game.
 E = Experience gained in this place as a percentage of experience gained in the entire game.
 F = Experience gained in this place divided by the number of levels of this place that you have seen.
                   A       B       C       D       E      F
               +-------+-------+-------+-------+-------+----------------------
         Total | 100.0 | 100.0 |   N/A |   N/A | 100.0 |   2.0
       Dungeon | 100.0 | 100.0 |   N/A |   N/A | 100.0 |   2.0
               +-------+-------+-------+-------+-------+----------------------
